 Dungeon Crawl Stone Soup version 0.30-b1-2-g02819fbbbe (webtiles) character file.

Game seed: 10371123516579939534

7 sanka the Conjurer (level 2, 0/20 HPs)
             Began as a Ghoul Conjurer on May 6, 2023.
             Slain by a hobgoblin (1 damage)
             ... on level 1 of the Dungeon.
             The game lasted 00:00:59 (228 turns).

sanka the Conjurer (Ghoul Conjurer)                  Turns: 228, Time: 00:00:59

Health: 0/20       AC:  2    Str: 10    XL:     2   Next: 0%
Magic:  0/4        EV: 11    Int: 13    God:
Gold:   0          SH:  0    Dex:  7    Spells: 4/5 levels left

rFire   . . .        (no weapon)
rCold   + . .        (no shield)
rNeg    + + +        a - +0 robe
rPois   ∞            (no helmet)
rElec   .            (no cloak)
rCorr   .            (no gloves)
SInv    .            (no boots)
Will    .....        (no amulet)
Stlth   ++           (no ring)
HPRegen 0.00/turn    (no ring)
MPRegen 0.09/turn

%: no passive effects
@: inhibited regen
A: claws 1, cold resistance 1, negative energy resistance 3, inhibited
regeneration, torment resistance 2, devour on kill
a: no special abilities


You were on level 1 of the Dungeon.
You visited 1 branch of the dungeon, and saw 1 of its levels.

Inventory:

Armour
 a - a +0 robe (worn)
Potions
 b - a potion of magic


   Skills:
 - Level 1.7 Dodging
 - Level 2.1 Stealth
 + Level 2.3 Spellcasting
 - Level 3.2 Conjurations


You had 4 spell levels left.
You knew the following spells:

 Your Spells              Type           Power      Damage    Failure   Level
a - Magic Dart            Conj           36%        1d4       6%          1

Your spell library contained the following spells:

 Spells                   Type           Power      Damage    Failure   Level
 Searing Ray              Conj           18%        2d5       10%         2
 Dazzling Flash           Conj/Hex       10%        N/A       36%         3
 Fulminant Prism          Conj/Hex       2%         3d5       77%         4
 Iskenderun's Mystic Bla  Conj/Tloc      5%         2d3       77%         4


Dungeon Overview and Level Annotations

Branches:
Dungeon (1/15)

Altars:


Innate Abilities, Weirdness & Mutations

You are immune to poison.
You have sharp fingernails.
Your flesh is cold resistant. (rC+)
You are immune to negative energy. (rN+++)
You do not regenerate when monsters are visible.
You are immune to unholy pain and torment.
You thrive by killing the living.


Message History

The magic dart hits the jackal.
You kill the jackal!
You feel better. The jackal barely misses you.
You have reached level 2!
You scratch the jackal but do no damage.
The jackal is almost dead.
The jackal bites you. The hobgoblin misses you. The jackal barely misses you.
You completely miss the jackal.
The jackal is almost dead.
The jackal bites you. The hobgoblin barely misses you.
You barely miss the jackal.
The jackal is almost dead.
The jackal closely misses you.
The hobgoblin hits you but does no damage.
You miss the jackal.
The jackal is almost dead.
The jackal bites you.
* * * LOW HITPOINT WARNING * * *
The jackal barely misses you. The hobgoblin closely misses you.
You closely miss the jackal.
The jackal is almost dead.
The jackal barely misses you. The hobgoblin hits you.
* * * LOW HITPOINT WARNING * * *
Casting: Magic Dart (safe; 6% risk of failure)
Confirm with . or Enter, or press ? or * to list all spells.
Aiming: Magic Dart (safe; 6% risk of failure)
Press: ? - help, Shift-Dir - straight line, f - jackal
Aim: a jackal (almost dead, 100% to hit)
The magic dart hits the jackal but does no damage.
The jackal is almost dead.
The jackal bites you but does no damage.
The hobgoblin closely misses you.
The jackal bites you but does no damage.
Unknown command.
You barely miss the jackal.
The jackal is almost dead.
The jackal bites you.
* * * LOW HITPOINT WARNING * * *
The hobgoblin hits you.
You die...

........).#≈#....†....##..#
....#.##..≈≈#.#######.###.##
....#.###~~#..# #.# #..#
..g...# #.≈..## ##.# ##.#
#....## #.≈.## ###..# #.#
#..$..###≈~.# ###....# #.#
#..##....~~.# #...##.# #.#
#.......≈≈g.####.####.# #.#
...####~≈≈....#h@# #.# #.#
... ##~#..#.#g## #.# #.# ...
###..†...# #(# #.# ...
###...)# #.# #.# #..##.###
## #.# ##.###...# #.###
#####..#####.##### #...#
#.....(...##.....####...#
##+##+##'#######....#...#


You could see a jackal and a hobgoblin.

Vanquished Creatures
  A ball python (D:1)
  2 hobgoblins (D:1)
  A jackal (D:1)
  A frilled lizard (D:1)
  A rat (D:1)
6 creatures vanquished.

Notes
Turn   | Place    | Note
-------+----------+-------------------------------------------
     0 | D:1      | sanka the Ghoul Conjurer began the quest for the Orb.
     0 | D:1      | Reached XP level 1. HP: 14/14 MP: 2/2
   222 | D:1      | Reached XP level 2. HP: 11/20 MP: 0/4
   228 | D:1      | HP: 1/20 [jackal (2)]
   228 | D:1      | Slain by a hobgoblin

Illustrated notes

Levels and vault maps discovered:
D:1:      lemuel_arrival_behind_the_door_small, layout_rooms,
          chequers_serial_rivers_small_a, nicolae_figureground_sparkle

Skill      XL: |  1 |
---------------+----+-----
Spellcasting   | 2 |  2.3
Dodging        | |  1.7
Stealth        | |  2.1
Conjurations   | |  3.2

Action                     || total
---------------------------++-------
  Melee: Unarmed           ||    22
   Cast: Magic Dart        ||    10
 Armour: Robe              ||     5
  Dodge: Dodged            ||    18
